BSA
PORTLAND CARDS @ NEW ORLEANS LOOTERS
09/18/2030
 
TOP OF THE 1ST
Portland Cards batting - Pitching for New Orleans Looters : RHP Edward Baker
Pitching: RHP Edward Baker
Batting: RHB Carlos Sánchez 0-0: Ground out 6-3 (Groundball, 6M)
Batting: LHB Phil Cantrell 0-0: Swinging Strike
0-1: Foul Ball, location: 2F
0-2: Ball
1-2: Strikes out swinging
Batting: SHB Marvin Harris 0-0: Ball
1-0: Ball
2-0: Called Strike
2-1: Ball
3-1: Foul Ball, location: 2F
3-2: Ground out 3-1 (Groundball, 23)
Top of the 1st over - 0 runs, 0 hits, 0 errors, 0 left on base; Portland 0 - New Orleans 0
BOTTOM OF THE 1ST
New Orleans Looters batting - Pitching for Portland Cards : RHP Víctor Hernández
Pitching: RHP Víctor Hernández
Batting: LHB Miguel Colón 0-0: Ball
1-0: Ball
2-0: Foul Ball, location: 2F
2-1: Ball
3-1: Base on Balls
Batting: RHB Rubén Vázquez 0-0: Ball
Miguel Colón steals 2nd base
1-0: Reached on error, E8 (Flyball, 8RS)
Miguel Colón to third
Batting: SHB Arturo Sánchez 0-0: Ball
1-0: Ball
2-0: Ball
3-0: Called Strike
3-1: SINGLE (Flyball, 8LS)
Miguel Colón scores
Rubén Vázquez to second
Batting: SHB Oliver Deleón 0-0: Called Strike
0-1: Ball
1-1: Ball
2-1: Grounds into double play, 5-4-3 (Groundball, 5)
Rubén Vázquez to third
Batting: LHB Taylor Smith 0-0: Ball
1-0: Ball
Passed Ball!
Rubén Vázquez scores
2-0: Called Strike
2-1: Ball
3-1: Foul Ball, location: 2F
3-2: Foul Ball, location: 2F
3-2: Base on Balls
Batting: RHB Dave O'Loan 0-0: SINGLE (Groundball, 34D)
Taylor Smith to second
Runner from 2nd tries for 3rd, SAFE, throw made to third
Batting: RHB Dan Banks 0-0: Called Strike
0-1: Ground out U3 (Groundball, 34)
Bottom of the 1st over - 2 runs, 2 hits, 1 error, 2 left on base; Portland 0 - New Orleans 2
TOP OF THE 2ND
Portland Cards batting - Pitching for New Orleans Looters : RHP Edward Baker
Batting: LHB Troy Donaldson 0-0: Called Strike
0-1: Foul Ball, location: 2F
0-2: Foul Ball, location: 2F
0-2: Ball
1-2: Foul Ball, location: 2F
1-2: Ground out 5-3 (Groundball, 56)
Batting: SHB Giancarlo Giannini 0-0: Swinging Strike
0-1: Ball
1-1: Ball
2-1: Foul Ball, location: 2F
2-2: Ball
3-2: Base on Balls
Batting: RHB Mario Beltrán 0-0: Ball
1-0: Ball
2-0: Called Strike
2-1: Called Strike
2-2: Ball
3-2: Foul Ball, location: 2F
3-2: Foul Ball, location: 2F
3-2: Fly out, F7 (Flyball, 7S)
Batting: LHB Bill Murphy 0-0: Ball
1-0: Fielders Choice at 2nd, U6 (Groundball, 6M)
Top of the 2nd over - 0 runs, 0 hits, 0 errors, 1 left on base; Portland 0 - New Orleans 2
BOTTOM OF THE 2ND
New Orleans Looters batting - Pitching for Portland Cards : RHP Víctor Hernández
Batting: SHB Travis Martin 0-0: Called Strike
0-1: Called Strike
0-2: Strikes out swinging
Batting: RHB Run-ming Zhu 0-0: Ball
1-0: Ball
2-0: DOUBLE (Line Drive, 5D)
Batting: LHB Miguel Colón 0-0: Ball
Wild Pitch!
Run-ming Zhu to third
1-0: Ball
2-0: SINGLE (Line Drive, 8LS)
Run-ming Zhu scores
Batting: RHB Rubén Vázquez 0-0: Fly out, F7 (Flyball, 78M)
Batting: SHB Arturo Sánchez 0-0: Ball
1-0: Called Strike
1-1: Ball
2-1: Fly out, F9 (Line Drive, 89D)
Bottom of the 2nd over - 1 run, 2 hits, 0 errors, 1 left on base; Portland 0 - New Orleans 3
TOP OF THE 3RD
Portland Cards batting - Pitching for New Orleans Looters : RHP Edward Baker
Batting: RHB Mario Méndez 0-0: Called Strike
0-1: Fly out, F8 (Flyball, 8LD)
Batting: SHB Dale Winters 0-0: Called Strike
0-1: SINGLE (Line Drive, 9S)
Batting: RHB Carlos Sánchez 0-0: Swinging Strike
0-1: Swinging Strike
0-2: Ball
1-2: Ball
Dale Winters steals 2nd base
2-2: Strikes out swinging
Batting: LHB Phil Cantrell 0-0: Foul Ball, location: 2F
0-1: Foul Ball, location: 2F
0-2: Ground out 3-1 (Groundball, 34)
Top of the 3rd over - 0 runs, 1 hit, 0 errors, 1 left on base; Portland 0 - New Orleans 3
BOTTOM OF THE 3RD
New Orleans Looters batting - Pitching for Portland Cards : RHP Víctor Hernández
Batting: SHB Oliver Deleón 0-0: DOUBLE (Flyball, 78D)
Batting: LHB Taylor Smith 0-0: Ball
1-0: Foul Ball, location: 2F
1-1: Foul Ball, location: 2F
1-2: Ball
2-2: Strikes out looking
Batting: RHB Dave O'Loan 0-0: Ball
1-0: Swinging Strike
1-1: Ball
2-1: Ball
3-1: Ground out 4-3 (Groundball, 4)
Oliver Deleón to third
Batting: RHB Dan Banks 0-0: Ball
1-0: Foul Ball, location: 2F
1-1: Ground out 6-3 (Groundball, 6)
Bottom of the 3rd over - 0 runs, 1 hit, 0 errors, 1 left on base; Portland 0 - New Orleans 3
TOP OF THE 4TH
Portland Cards batting - Pitching for New Orleans Looters : RHP Edward Baker
Batting: SHB Marvin Harris 0-0: Ball
1-0: Ball
2-0: Called Strike
2-1: Ground out 4-3 (Groundball, 4M)
Batting: LHB Troy Donaldson 0-0: Called Strike
0-1: Swinging Strike
0-2: Ball
1-2: Foul Ball, location: 2F
1-2: Ball
2-2: Ball
3-2: Foul Ball, location: 2F
3-2: Ground out 6-3 (Groundball, 6)
Batting: SHB Giancarlo Giannini 0-0: Foul Ball, location: 2F
0-1: Ball
1-1: Ball
2-1: Fly out, F5 (Popup, 56S)
Top of the 4th over - 0 runs, 0 hits, 0 errors, 0 left on base; Portland 0 - New Orleans 3
BOTTOM OF THE 4TH
New Orleans Looters batting - Pitching for Portland Cards : RHP Víctor Hernández
Batting: SHB Travis Martin 0-0: Called Strike
0-1: SINGLE (Line Drive, 3D)
Batting: RHB Run-ming Zhu 0-0: Ball
1-0: Foul Ball, location: 2F
1-1: Ball
2-1: Ball
3-1: Foul Ball, location: 2F
3-2: Foul Ball, location: 2F
3-2: Strikes out swinging
Batting: LHB Miguel Colón 0-0: Ball
1-0: Ball
2-0: Foul Ball, location: 2F
2-1: Called Strike
2-2: Strikes out swinging
Batting: RHB Rubén Vázquez 0-0: Ground out 4-3 (Groundball, 4)
Bottom of the 4th over - 0 runs, 1 hit, 0 errors, 1 left on base; Portland 0 - New Orleans 3
TOP OF THE 5TH
Portland Cards batting - Pitching for New Orleans Looters : RHP Edward Baker
Batting: RHB Mario Beltrán 0-0: Called Strike
0-1: Foul Ball, location: 2F
0-2: Ball
1-2: DOUBLE (Line Drive, 7LS)
Batting: LHB Bill Murphy 0-0: Ball
1-0: Foul Ball, location: 2F
1-1: Ball
2-1: Ball
3-1: Foul Ball, location: 2F
3-2: Fly out, F8 (Flyball, 8RD)
Batting: RHB Mario Méndez 0-0: Called Strike
0-1: Ball
1-1: Called Strike
1-2: Ball
2-2: Strikes out looking
Batting: SHB Dale Winters 0-0: Ground out 6-3 (Groundball, 6)
Top of the 5th over - 0 runs, 1 hit, 0 errors, 1 left on base; Portland 0 - New Orleans 3
BOTTOM OF THE 5TH
New Orleans Looters batting - Pitching for Portland Cards : RHP Víctor Hernández
Batting: SHB Arturo Sánchez 0-0: Ground out 4-3 (Groundball, 4)
Batting: SHB Oliver Deleón 0-0: Swinging Strike
0-1: SINGLE (Line Drive, 78S)
Batting: LHB Taylor Smith 0-0: 2-RUN HOME RUN (Flyball, 9LD), Distance : 355 ft
Batting: RHB Dave O'Loan 0-0: Ball
1-0: SINGLE (Line Drive, 7S)
Batting: RHB Dan Banks 0-0: Ball
1-0: Called Strike
1-1: SINGLE (Groundball, 3L) (infield hit)
Dave O'Loan to second
Batting: SHB Travis Martin 0-0: Swinging Strike
0-1: Ball
1-1: Grounds into double play, U3-6 (Groundball, 3L)
Bottom of the 5th over - 2 runs, 4 hits, 0 errors, 1 left on base; Portland 0 - New Orleans 5
TOP OF THE 6TH
Portland Cards batting - Pitching for New Orleans Looters : RHP Edward Baker
Batting: RHB Carlos Sánchez 0-0: Called Strike
0-1: DOUBLE (Flyball, 7D) - OUT at third base trying to stretch hit.
Batting: LHB Phil Cantrell 0-0: Ball
1-0: Foul Ball, location: 2F
1-1: Fly out, F8 (Flyball, 8RS)
Batting: SHB Marvin Harris 0-0: Swinging Strike
0-1: Ball
1-1: Ball
2-1: Ball
3-1: Fly out, F9 (Flyball, 9S)
Top of the 6th over - 0 runs, 1 hit, 0 errors, 0 left on base; Portland 0 - New Orleans 5
BOTTOM OF THE 6TH
New Orleans Looters batting - Pitching for Portland Cards : RHP Víctor Hernández
Batting: RHB Run-ming Zhu 0-0: Ball
1-0: Foul Ball, location: 2F
1-1: Fly out, F8 (Line Drive, 8RD)
Batting: LHB Miguel Colón 0-0: Ball
1-0: Ball
2-0: Ball
3-0: Called Strike
3-1: Called Strike
3-2: SINGLE (Groundball, 6MD)
Batting: RHB Rubén Vázquez 0-0: Ball
1-0: Foul Ball, location: 2F
1-1: Ball
2-1: SINGLE (Flyball, 9LM)
Miguel Colón to second
Runner from 2nd tries for 3rd, SAFE, no throw
Pitching: RHP Terry Norris
Batting: SHB Arturo Sánchez 0-0: Ball
1-0: Foul Ball, location: 2F
1-1: Foul Ball, location: 2F
1-2: Ball
2-2: Strikes out swinging
Batting: SHB Oliver Deleón 0-0: Ball
1-0: Ball
2-0: Ball
3-0: Base on Balls
Rubén Vázquez to second
Batting: LHB Taylor Smith 0-0: Ball
1-0: Called Strike
1-1: Fly out, F6 (Line Drive, 6MD)
Bottom of the 6th over - 0 runs, 2 hits, 0 errors, 3 left on base; Portland 0 - New Orleans 5
TOP OF THE 7TH
Portland Cards batting - Pitching for New Orleans Looters : RHP Edward Baker
Batting: LHB Troy Donaldson 0-0: Called Strike
0-1: SINGLE (Groundball, 6D)
Batting: SHB Giancarlo Giannini 0-0: Called Strike
0-1: SINGLE (Line Drive, 34)
Troy Donaldson to second
Batting: RHB Mario Beltrán 0-0: Called Strike
0-1: Ball
1-1: Ball
2-1: DOUBLE (Flyball, 78XD)
Troy Donaldson scores
Giancarlo Giannini to third
Runner from 3rd tries for Home, SAFE, no throw
Batting: LHB Bill Murphy 0-0: Swinging Strike
0-1: Swinging Strike
0-2: Ground out 3-1 (Groundball, 34)
Mario Beltrán to third
Batting: RHB Mario Méndez 0-0: Called Strike
0-1: Called Strike
0-2: Ball
1-2: Foul Ball, location: 2F
1-2: Ball
2-2: DOUBLE (Line Drive, 8RXD)
Mario Beltrán scores
Batting: SHB Dale Winters 0-0: Ball
1-0: Ball
2-0: Called Strike
2-1: Ball
3-1: Foul Ball, location: 2F
3-2: Foul Ball, location: 2F
3-2: Strikes out swinging
Pitching: RHP Ienobu Sato
Batting: RHB Carlos Sánchez 0-0: Foul Ball, location: 2F
0-1: Foul Ball, location: 2F
0-2: Ball
1-2: Fly out, F5 (Line Drive, 56S)
Top of the 7th over - 3 runs, 4 hits, 0 errors, 1 left on base; Portland 3 - New Orleans 5
BOTTOM OF THE 7TH
New Orleans Looters batting - Pitching for Portland Cards : RHP Terry Norris
Batting: RHB Dave O'Loan 0-0: Called Strike
0-1: Ball
1-1: Swinging Strike
1-2: Fly out, F7 (Flyball, 7D)
Batting: RHB Dan Banks 0-0: Ground out 3-1 (Groundball, 34)
Batting: SHB Travis Martin 0-0: Called Strike
0-1: Ball
1-1: Ground out 6-3 (Groundball, 6M)
Bottom of the 7th over - 0 runs, 0 hits, 0 errors, 0 left on base; Portland 3 - New Orleans 5
TOP OF THE 8TH
Portland Cards batting - Pitching for New Orleans Looters : RHP Ienobu Sato
Batting: LHB Phil Cantrell 0-0: Called Strike
0-1: Ball
1-1: DOUBLE (Line Drive, 9LM)
Batting: SHB Marvin Harris 0-0: SINGLE (Flyball, 8RS)
Phil Cantrell to third
Batting: LHB Troy Donaldson 0-0: Fly out, F8 (Flyball, 8LS)
Runner from 3rd tags up, SCORES, no throw
Pinch Runner at 1st Dennis Garner:
Batting: SHB Giancarlo Giannini 0-0: Ball
1-0: SINGLE (Flyball, 89M)
Dennis Garner to second
Runner from 2nd tries for 3rd, SAFE, throw made to third
Batting: RHB Mario Beltrán 0-0: Ball
1-0: Foul Ball, location: 2F
1-1: Ball
2-1: Ground out 5-3 (Groundball, 56)
Giancarlo Giannini to second
Batting: LHB Bill Murphy 0-0: Foul Ball, location: 2F
0-1: Ball
1-1: Ground out 4-3 (Groundball, 4)
Top of the 8th over - 1 run, 3 hits, 0 errors, 2 left on base; Portland 4 - New Orleans 5
BOTTOM OF THE 8TH
New Orleans Looters batting - Pitching for Portland Cards : RHP Terry Norris
Now at SS: Dennis Garner
Batting: RHB Run-ming Zhu 0-0: Ball
1-0: Called Strike
1-1: Ball
2-1: TRIPLE (Line Drive, 78XD)
Pitching: LHP Jerry Beck
Batting: LHB Miguel Colón 0-0: Ground out 4-3 (Groundball, 4)
Pitching: LHP Miguel Martínez
Batting: RHB Rubén Vázquez 0-0: Ball
1-0: SINGLE (Line Drive, 56D)
Run-ming Zhu scores
Batting: SHB Arturo Sánchez 0-0: Called Strike
0-1: Ball
1-1: Called Strike
1-2: Grounds into double play, 5-4-3 (Groundball, 56)
Bottom of the 8th over - 1 run, 2 hits, 0 errors, 0 left on base; Portland 4 - New Orleans 6
TOP OF THE 9TH
Portland Cards batting - Pitching for New Orleans Looters : RHP Ienobu Sato
Pitching: LHP Juan Méndez
Batting: RHB Mario Méndez 0-0: Called Strike
0-1: Ball
1-1: Ball
2-1: Foul Ball, location: 2F
2-2: Fly out, F9 (Flyball, 89S)
Batting: SHB Dale Winters 0-0: Called Strike
0-1: Ball
1-1: Called Strike
1-2: Ball
2-2: Strikes out swinging
Batting: RHB Carlos Sánchez 0-0: Called Strike
0-1: Called Strike
0-2: Ball
1-2: Foul Ball, location: 2F
1-2: SINGLE (Groundball, 56D)
Pinch Hitting: RHB Aaron Scott 0-0: Ball
1-0: Ball
2-0: Fly out, F4 (Popup, 4D)
Top of the 9th over - 0 runs, 1 hit, 0 errors, 1 left on base; Portland 4 - New Orleans 6
Saturday, April 7th, 2018 - OOTP Baseball 18.8 Build 76